 Dungeon Crawl Stone Soup version 0.30-a0-782-ge64f9170bb (webtiles) character file.

Game seed: 12131152638475696022

70104 Dirian the Warrior (level 14, 0/129 (137) HPs)
             Began as a Minotaur Fighter on Mar 11, 2023.
             Was a High Priest of Ru.
             Slain by Donald
             ... wielding a +0 double sword
              (34 damage)
             ... on level 2 of the Orcish Mines.
             The game lasted 00:59:42 (21295 turns).

Dirian the Warrior (Minotaur Fighter)              Turns: 21295, Time: 00:59:42

HP:   0/129 (137)   AC: 22    Str: 23    XL:     14   Next: 92%
MP:   8/13          EV:  8    Int:  5    God:    Ru [*****.]
Gold: 657           SH: 16    Dex: 18    Spells: 13/13 levels left

rFire   + + .      SeeInvis .    a - +4 scimitar (flame)
rCold   + + +      Faith    .    Q - +2 kite shield {rC+}
rNeg    . . .      Spirit   .    I - +1 chain mail {rPois}
rPois   +          Reflect  .    s - +0 hat
rElec   .          Harm     .    H - scarf {rC+ rF+}
rCorr   +          Rampage  .    S - +2 pair of gloves "Luamipo" {Fly rCorr Dex+5}
Will    +....                    J - +2 pair of boots Stlth
                                 L - amulet of the Failed Coup {rPois Regen+}
HPRegen 1.21/turn                N - ring of protection from fire
MPRegen 0.13/turn                c - ring of Zerpheiz {rC+ Slay+2}

@: mighty, exhausted, flying, drained
A: horns 2, no stealth, inability to use devices, hated by all, no conjurations
magic, no poison magic, no transmutations magic, retaliatory headbutt
a: Renounce Religion, Draw Out Power, Power Leap, Apocalypse


You were on level 2 of the Orcish Mines.
You worshipped Ru.
Ru was extremely pleased with you.
You visited 3 branches of the dungeon, and saw 20 of its levels.
You also visited: Ossuary, Bailey, Ice Cave and Volcano.

You collected 1830 gold pieces.
You spent 1173 gold pieces at shops.

Inventory:

Hand Weapons
 a - a +4 scimitar of flaming (weapon)
 b - a +3 scimitar of freezing
Missiles
 m - 5 javelins (quivered)
 A - 2 throwing nets
Armour
 f - a +0 tower shield
 p - the +2 pair of gloves "Xaul" {rPois Str+3 Int+2}
   (You found it on level 4 of the Dungeon)

   Str:       It affects your strength (+3).
   Int:       It affects your intelligence (+2).
   rPois:     It protects you from poison.
 s - a +0 hat (worn)
 C - a +0 plate armour
 H - a scarf of resistance (worn)
 I - a +1 chain mail of poison resistance (worn)
 J - a +2 pair of boots (worn)
 P - a +2 cloak
 Q - a +2 kite shield of cold resistance (worn)
 S - the +2 pair of gloves "Luamipo" (worn) {Fly rCorr Dex+5}
   (You acquired it on level 2 of the Lair of Beasts)

   Dex:       It affects your dexterity (+5).
   Fly:       It grants you flight.
   rCorr:     It protects you from acid and corrosion.
Jewellery
 c - the ring of Zerpheiz (right hand) {rC+ Slay+2}
   (You found it in an ice cave)

   [ring of protection from cold]

   Slay:      It affects your accuracy & damage with ranged weapons and melee
   (+2).
   rC:        It protects you from cold.
 i - a ring of positive energy
 v - a ring of see invisible
 x - a ring of protection from cold
 L - the amulet of the Failed Coup (around neck) {rPois Regen+}
   (You bought it in a shop on level 7 of the Dungeon)

   [amulet of regeneration]

   rPois:     It protects you from poison.
   Regen:     It increases your rate of health regeneration.
 N - a ring of protection from fire (left hand)
Scrolls
 g - 4 scrolls of amnesia
 k - 4 scrolls of enchant weapon
 n - 3 scrolls of fear
 r - 2 scrolls of identify
 t - 14 scrolls of teleportation
 u - 4 scrolls of enchant armour
 y - 2 scrolls of poison
 z - 3 scrolls of blinking
 B - 3 scrolls of immolation
 E - 6 scrolls of brand weapon
 F - 3 scrolls of fog
 M - a scroll of acquirement
 O - a scroll of silence
Potions
 d - a potion of might
 e - 4 potions of brilliance
 h - a potion of haste
 j - a potion of magic
 l - 3 potions of flight
 o - 2 potions of invisibility
 q - 6 potions of curing
 w - 7 potions of heal wounds
 D - 2 potions of attraction
 G - 2 potions of mutation
 K - a potion of lignification
 R - 2 potions of ambrosia


   Skills:
 + Level 16.2 Fighting
 - Level 16.0 Long Blades
 * Level 8.2 Throwing
 - Level 15.7 Armour
 + Level 14.4 Shields


You had 13 spell levels left.
You didn't know any spells.
Your spell library contained the following spells:

 Spells                   Type           Power      Damage    Failure   Level
 Sandblast                Erth           0%         2d4       99%         1
 Blink                    Tloc           0%         N/A       99%         2
 Lesser Beckoning         Tloc           0%         N/A       99%         2
 Inner Flame              Hex/Fire       0%         N/A       100%        3
 Agony                    Necr           0%         N/A       100%        5
 Borgnjor's Vile Clutch   Necr/Erth      0%         N/A       100%        5
 Metabolic Englaciation   Hex/Ice        0%         N/A       100%        5
 Silence                  Hex/Air        0%         N/A       100%        5
 Foxfire                  Conj/Fire      Unusable   2x1d4     N/A         1
 Momentum Strike          Conj/Tloc      Unusable   3d8       N/A         2
 Passwall                 Tmut/Erth      Unusable   N/A       N/A         2
 Dazzling Flash           Conj/Hex       Unusable   N/A       N/A         3
 Stone Arrow              Conj/Erth      Unusable   3d7       N/A         3
 Animate Armour           Summ/Erth      Unusable   N/A       N/A         4
 Flame Wave               Conj/Fire      Unusable   2d4       N/A         4
 Petrify                  Tmut/Erth      Unusable   N/A       N/A         4
 Sticky Flame             Conj/Fire      Unusable   2d3       N/A         4
 Fireball                 Conj/Fire      Unusable   3d3       N/A         5
 Iron Shot                Conj/Erth      Unusable   9d1       N/A         6
 Starburst                Conj/Fire      Unusable   6d3       N/A         6
 Statue Form              Tmut/Erth      Unusable   N/A       N/A         6

Dungeon Overview and Level Annotations

Branches:
Dungeon (13/15) Zot: 25686  Temple (0/1) D:7            Lair (5/5) D:11 Zot: 25904
  Swamp (0/4) Lair:2        Snake (0/4) Lair:2        Slime (0/5) Lair:5
    Orc (2/2) D:10 Zot: 11503 Ossuary (visited)          Bailey (visited)
  IceCv (visited)         Volcano (visited)
    Elf: Orc:2       Vaults: D:13-14

Altars:
Dithmenos
Elyvilon
Kikubaaqudgha
Qazlal
Ru
Trog
Wu Jian

Shops:
D:4 (   D:7 =   D:11 [   Orc:1 !

Portals:
Trove: D:12 (give 3 potions of resistance)

Annotations:
Orc:2 Donald


Innate Abilities, Weirdness & Mutations

You have a pair of horns on your head.
You cannot be stealthy.
You cannot study or use magical devices.
You are hated by all.
You cannot study or cast Conjurations magic.
You cannot study or cast Poison magic.
You cannot study or cast Transmutations magic.
You reflexively headbutt those who attack you in melee.


Message History

Aim: Donald, wielding a +0 double sword, wearing a +0 chain mail and wearing a +0 kite shield of reflection (fast, reflecting blocked projectiles)
You can't leap on top of the monster!
Aiming: Power Leap
Press: ? - help, Dir - move target, f/p - Donald
Aim: Donald, wielding a +0 double sword, wearing a +0 chain mail and wearing a +0 kite shield of reflection (fast, reflecting blocked projectiles)
You can't leap on top of the monster!
Aiming: Power Leap
Press: ? - help, Dir - move target, f/p - Donald
Aim: Donald, wielding a +0 double sword, wearing a +0 chain mail and wearing a +0 kite shield of reflection (fast, reflecting blocked projectiles)
You can't leap on top of the monster!
Aiming: Power Leap
Press: ? - help, Dir - move target, p - Donald You block Donald's attack.
You hit Donald. You burn Donald. Donald blocks your attack.
Donald is moderately wounded.
Donald casts a spell.
Donald seems to grow stronger.
You barely miss Donald.
Donald is moderately wounded.
Donald hits you with a +0 double sword!!!
Donald blocks your attack. x2
Donald is moderately wounded.
Donald hits you with a +0 double sword! You block Donald's attack.
Donald blocks your attack. x2
Donald is moderately wounded.
You block Donald's attack.
You hit Donald. You burn Donald.
Donald is moderately wounded.
You block Donald's attack. Donald blocks your attack.
Donald is moderately wounded.
Donald is stunned by your conviction and fails to attack.
You barely miss Donald.
Donald is moderately wounded.
Donald hits you with a +0 double sword!!
You feel very mighty all of a sudden.
Donald hits you with a +0 double sword!!
* * * LOW HITPOINT WARNING * * *
Donald hits you with a +0 double sword!!
You die...

...$.....#..#.##
...............#
.......$.......##
................##
.................#
.................#
..................
..........@....#.#
.........#@#......
.........)........
.......#.#...$.#..
.............##...
.#.....#.....## .#
..#...........#
.###...#.<##.##
#...#...# ##
##.###.##


You could see Donald (fast, strong, reflecting).

Vanquished Creatures
  An azure jelly (IceCv)
  A quicksilver ooze (IceCv)
  A dire elephant (Lair:5)
  A red draconian (Volcano)
  Josephine (D:11)
  2 vault guards (Bailey)
  Fannar (Lair:3)
  3 hydras
  An ice dragon (D:11)
  A boulder beetle (Lair:3)
  A catoblepas (Lair:5)
  The ghost of utis the Fighter, a journeyman TeWn (D:10)
  A deep troll shaman (Lair:5)
  4 two-headed ogres
  8 death yaks
  2 centaur warriors
  An orc high priest (D:10)
  2 deep elf pyromancers
  An orc sorcerer (Orc:1)
  2 manticores
  23 elephants
  A cyclops (D:12)
  2 black mambas
  2 ice statues (IceCv)
  2 torpor snails (Lair:5)
  7 cane toads
  2 gargoyles
  5 komodo dragons
  2 rime drakes
  3 kobold demonologists (D:11)
  A tyrant leech (Lair:2)
  4 polar bears
  A hornet (D:6)
  6 trolls
  Prince Ribbit (Bailey)
  18 dream sheep
  14 blink frogs
  Sigmund (D:5)
  A jumping spider (shapeshifter) (D:13)
  32 slime creatures
  A shadow (D:11)
  2 vampires
  4 wyverns
  42 yaks
  A ynoxinul (D:10)
  2 basilisks
  A vampire mosquito (D:13)
  5 wraiths
  A steam dragon (D:8)
  7 humans
  Edmund (D:5)
  4 nagas (Lair:2)
  3 swamp worms (Lair:2)
  2 wargs
  7 water moccasins
  A sky beast (D:3)
  6 orc warriors
  3 ice beasts
  4 great orb of eyes simulacra (IceCv)
  5 black bears
  3 ogres
  9 centaurs
  2 slime creature simulacra (IceCv)
  16 wolves
  4 kobold brigands
  An elf zombie (Ossuary)
  19 bullfrogs
  A glowing shapeshifter simulacrum (IceCv)
  A gnoll sergeant (D:9)
  5 scorpions
  7 wights
  14 killer bees
  6 howler monkeys
  A centaur zombie (Ossuary)
  2 gnoll boudas
  12 orc priests
  5 hounds
  4 jellies
  An iguana (D:6)
  16 orc wizards
  5 hell rats (Lair:3)
  4 shapeshifter simulacra (IceCv)
  2 mummies (Ossuary)
  13 adders
  14 gnolls
  A shadow imp (D:6)
  5 white imps
  A worm (D:2)
  2 dart slugs
  48 orcs
  3 ball pythons
  4 bats
  10 endoplasms
  5 giant cockroaches
  11 goblins
  5 hobgoblins
  10 jackals
  25 kobolds
  3 quokkas
  7 frilled lizards
  A gnoll zombie (Ossuary)
  5 goblin zombies (Ossuary)
  5 hobgoblin zombies (Ossuary)
  An orc zombie (Ossuary)
  5 rats
590 creatures vanquished.

Vanquished Creatures (others)
  A hydra (Lair:5)
  A black mamba (Lair:3)
  An efreet (D:13)
  A slime creature (D:13)
  A yak (Lair:3)
  A warg (D:10)
  A naga (Lair:2)
  A wight (D:5)
  A howler monkey (D:10)
  45 fungi
  52 plants
106 creatures vanquished.

Grand Total: 696 creatures vanquished

Notes
Turn   | Place    | Note
-------+----------+-------------------------------------------
     0 | D:1      | Dirian the Minotaur Fighter began the quest for the Orb.
     0 | D:1      | Reached XP level 1. HP: 19/19 MP: 0/0
   136 | D:1      | Found a faded altar of an unknown god.
   148 | D:1      | Reached XP level 2. HP: 16/27 MP: 1/1
   738 | D:1      | Reached XP level 3. HP: 33/33 MP: 2/2
   912 | D:1      | Prayed at the altar of an unknown god.
   912 | D:1      | Became a worshipper of Ru the Awakened
  1733 | D:2      | Reached XP level 4. HP: 40/40 MP: 3/3
  2412 | D:3      | Reached XP level 5. HP: 37/46 MP: 4/4
  2500 | D:3      | Found a shadowy altar of Dithmenos.
  2713 | D:3      | Noticed a sky beast
  2726 | D:3      | Killed a sky beast
  2727 | D:3      | Reached skill level 5 in Long Blades
  2727 | D:3      | Reached skill level 5 in Armour
  2973 | D:4      | Reached XP level 6. HP: 31/53 MP: 5/5
  2981 | D:4      | Gained mutation: You are hated by all. [Ru sacrifice]
  2981 | D:4      | Reached * piety under Ru
  3000 | D:4      | Identified the +2 pair of gloves "Xaul" {rPois Str+3 Int+2}
  3092 | D:4      | Found a sand-covered staircase.
  3101 | Ossuary  | Entered an ossuary
  3550 | D:4      | Found an ancient bone altar of Kikubaaqudgha.
  3558 | D:4      | Found Obischyr's Weapon Shoppe.
  3713 | D:4      | Reached skill level 5 in Shields
  3713 | D:4      | Reached XP level 7. HP: 40/60 MP: 6/6
  4226 | D:5      | Entered Level 5 of the Dungeon
  4340 | D:5      | Reached skill level 5 in Fighting
  4652 | D:5      | Reached XP level 8. HP: 54/69 MP: 7/7
  5490 | D:5      | Noticed Edmund
  5517 | D:5      | Killed Edmund
  5642 | D:5      | Noticed Sigmund
  5652 | D:5      | Killed Sigmund
  5907 | D:6      | Gained mutation: You cannot study or use magical devices.
                  | [Ru sacrifice]
  5907 | D:6      | Reached ** piety under Ru
  5907 | D:6      | Reached *** piety under Ru
  6229 | D:6      | Reached XP level 9. HP: 78/78 MP: 8/8
  6340 | D:6      | Reached skill level 10 in Long Blades
  6744 | D:6      | Noticed a troll
  6762 | D:6      | Killed a troll
  7751 | D:7      | Found a staircase to the Ecumenical Temple.
  7891 | D:7      | Found Dogyf's Hallowed Reliquary.
  7891 | D:7      | Noticed an angel
  7932 | D:7      | Found Vycwueh's Jewellery Emporium.
  7986 | D:7      | Found a sacrificial altar of Ru.
  8095 | D:8      | Gained mutation: You cannot be stealthy. [Ru sacrifice]
  8095 | D:8      | Reached **** piety under Ru
  8161 | D:8      | Reached XP level 10. HP: 73/88 MP: 9/9
  8266 | D:8      | Found a flagged portal.
  8410 | Bailey   | Entered a bailey
  8695 | Bailey   | Reached skill level 10 in Armour
  8827 | Bailey   | Noticed a vault guard
  8845 | Bailey   | Killed a vault guard
  8964 | Bailey   | Noticed Prince Ribbit
  8964 | Bailey   | Noticed a vault guard
  8980 | Bailey   | Killed a vault guard
  8983 | Bailey   | Killed Prince Ribbit
  9688 | D:9      | Reached XP level 11. HP: 95/97 MP: 10/10
 10102 | D:9      | Identified the +3 long sword "Dezoifau" {heavy, *Corrode
                  | rPois Int+5}
 10207 | D:9      | Found a stormy altar of Qazlal.
 10231 | D:9      | Noticed a two-headed ogre
 10241 | D:9      | Killed a two-headed ogre
 10938 | D:10     | Entered Level 10 of the Dungeon
 10950 | D:10     | Reached skill level 10 in Fighting
 10982 | D:10     | Found a staircase to the Orcish Mines.
 11037 | D:10     | Noticed a two-headed ogre
 11179 | D:9      | Killed a two-headed ogre
 11584 | D:10     | Found a white marble altar of Elyvilon.
 11673 | D:10     | Found a runed translucent door.
 11675 | D:10     | Noticed utis's ghost (journeyman TeWn)
 12038 | D:10     | Found a large runed translucent door.
 12039 | D:10     | Found a large runed translucent door.
 12148 | D:10     | Found a bloodstained altar of Trog.
 12160 | D:10     | Found an ornate altar of the Wu Jian Council.
 12229 | D:10     | Killed utis's ghost
 12240 | D:10     | Got the Spellbook of Cleavage
 12475 | D:11     | Found a staircase to the Lair.
 12504 | D:11     | Noticed an ice dragon
 12504 | D:11     | Noticed Josephine
 12544 | D:11     | Killed an ice dragon
 12571 | D:11     | Killed Josephine
 12572 | D:11     | Reached XP level 12. HP: 47/110 MP: 8/11
 12624 | D:11     | Found Gaysiu's Armour Emporium.
 12857 | D:11     | Reached skill level 15 in Long Blades
 12975 | D:11     | Noticed a two-headed ogre
 12991 | D:11     | Killed a two-headed ogre
 13679 | D:11     | Reached skill level 1 in Throwing
 14168 | D:12     | Found a portal to a secret trove of treasure.
 14440 | D:13     | Noticed a centaur warrior
 14572 | D:13     | Noticed an eight-headed hydra
 14848 | D:13     | Killed an eight-headed hydra
 14849 | D:13     | Reached skill level 10 in Shields
 14857 | D:13     | Killed a centaur warrior
 15192 | D:13     | Noticed a tengu reaver
 15193 | D:13     | Noticed a boulder beetle
 15444 | Lair:1   | Entered Level 1 of the Lair of Beasts
 15564 | D:7      | Bought a ring of protection from fire for 375 gold pieces
 15564 | D:7      | Bought the amulet of the Failed Coup {rPois Regen+} for 618
                  | gold pieces
 16383 | Lair:2   | Found a dark tunnel.
 16391 | Volcano  | Entered a volcano
 16436 | Volcano  | Noticed a red draconian
 16453 | Volcano  | Killed a red draconian
 16454 | Volcano  | Reached XP level 13. HP: 66/119 MP: 12/12
 17052 | Lair:2   | Found a staircase to the Snake Pit.
 17155 | Lair:2   | Found a staircase to the Swamp.
 17467 | Lair:2   | Identified a scroll of acquirement
 17646 | Lair:3   | Reached skill level 5 in Throwing
 17872 | Lair:3   | Noticed Fannar
 17879 | Lair:3   | Killed Fannar
 17996 | Lair:3   | Reached skill level 15 in Armour
 18181 | Lair:3   | Gained mutation: You cannot study or cast Poison magic. [Ru
                  | sacrifice]
 18181 | Lair:3   | Gained mutation: You cannot study or cast Transmutations
                  | magic. [Ru sacrifice]
 18181 | Lair:3   | Gained mutation: You cannot study or cast Conjurations
                  | magic. [Ru sacrifice]
 18181 | Lair:3   | Reached ***** piety under Ru
 18366 | Lair:4   | Found a frozen archway.
 18403 | IceCv    | Entered an ice cave
 18816 | IceCv    | Reached XP level 14. HP: 89/133 MP: 13/13
 18863 | IceCv    | Noticed an azure jelly
 18877 | IceCv    | Killed an azure jelly
 18910 | IceCv    | Noticed a quicksilver ooze
 18919 | IceCv    | Killed a quicksilver ooze
 18952 | IceCv    | Identified the ring of Zerpheiz {rC+ Slay+2}
 19103 | Lair:4   | Reached skill level 15 in Fighting
 19133 | Lair:4   | Acquired the +2 pair of gloves "Luamipo" {Fly rCorr Dex+5}
 19517 | Lair:5   | Entered Level 5 of the Lair of Beasts
 20236 | Lair:5   | Found a staircase to the Slime Pits.
 20674 | Orc:1    | Entered Level 1 of the Orcish Mines
 20713 | Orc:1    | HP: 5/125 [sun demon[an orc high priest] (3)]
 20946 | Orc:1    | Found Vaoveeh's Distillery.
 20965 | Orc:1    | Bought a potion of might for 60 gold pieces
 20965 | Orc:1    | Bought a potion of heal wounds for 75 gold pieces
 21256 | Orc:1    | Bought a potion of curing for 45 gold pieces
 21262 | Orc:2    | Entered Level 2 of the Orcish Mines
 21281 | Orc:2    | Noticed Donald
 21295 | Orc:2    | Slain by Donald

Illustrated notes

Levels and vault maps discovered:
D:1:      minmay_arrival_wavy_path, layout_basic, basic_ecumenical_altar
D:2:      layout_loops_corners, chequers_serial_rivers_small_b
D:3:      layout_loops_ring, nicolae_dithmenos_through_a_glass_darkly,
          minmay_misc_feat_nine_boxes
D:4:      kennysheep_big_flooded_room, layout_loops_ring,
          mainiacjoe_overflow_alcove_1, serial_shops,
          nicolae_shop_bloodbath_and_beyond, enter_ossuary_1, minivault_19,
          nicolae_nh_ransacked_shop
D:5:      layout_loops_corners, sigmund_edmund_badplayer
D:6:      layout_basic, hangedman_decor_push
D:7:      layout_cave_pools, nicolae_ru_great_annihilating_truth,
          minmay_temple_entry_junction, serial_shops, kennysheep_little_box,
          nicolae_good_shop
D:8:      layout_rooms, enter_bailey_3
D:9:      layout_loops_corners, nicolae_qazlal_general_emergency
D:10:     layout_long_grid, elyvilon_altar_3, jmf_multi_god_temple2, erik_orc_4,
          hellmonk_ghost_big_iron
D:11:     layout_long_grid, due_lair_maze_entry_diamond, serial_shops, shop,
          minmay_curled_crystal, uniq_josephine
D:12:     layout_cave_pools, enter_trove_0
D:13:     hourglass_vault, layout_cave_pools, serial_shops, bzr_firewalk
Lair:1:   layout_regular_city, infiniplex_staircase_pool_2
Lair:2:   layout_regular_city, minmay_swamp_entry_worms,
          minmay_snake_entry_guardpost_medium, lightli_volcano_entry_magma_tube,
          columned_hall_lemuel
Lair:3:   layout_long_grid, lemuel_fruit_tree, uniq_fannar
Lair:4:   layout_misc_corridors, portal_ice_cave_entry_pillars_2,
          grunt_forest_small_clearing_treed, grunt_megastairs_1
Lair:5:   grunt_lair_end_beastmaster, layout_misc_corridors,
          nicolae_slime_entry_field_trip, serial_bayou_shore_a,
          grunt_megastairs_3
Orc:1:    layout_caves, serial_shops, shop, basic_altar
Orc:2:    st_orc_mages, layout_caves, serial_shops, shop_fountains, uniq_donald,
          uniq_sonja, uniq_rupert

Skill      XL: |  1  2  3  4  5  6  7  8  9 10 11 12 13 14 |
---------------+-------------------------------------------+-----
Shields        | 4 5 6 7 8 9 10 11 14 | 14.4
Armour         | 4 5 6 7 9 11 12 14 15 | 15.7
Fighting       | 4 5 6 7 9 11 12 14 16 | 16.2
Long Blades    | 3 4 5 6 7 9 11 13 14 15 16 | 16.0
Throwing       | 3 6 8 |  8.2

Action                     |  1- 3 |  4- 6 |  7- 9 | 10-12 | 13-15 || total
---------------------------+-------+-------+-------+-------+-------++-------
  Melee: Long sword        |    97 |   168 |   291 |       |       ||   556
         Headbutt          |    16 |    35 |    67 |   155 |   235 ||   508
         Scimitar          |       |       |    50 |   718 |   802 ||  1570
         Flail             |       |       |       |    16 |       ||    16
  Throw: Javelin           |       |       |       |     1 |       ||     1
 Invoke: Reject Sacrifices |     1 |       |       |     2 |     1 ||     4
         Sacrifice Love    |       |     1 |       |       |       ||     1
         Sacrifice Artific |       |       |     1 |       |       ||     1
         Draw Out Power    |       |       |     1 |     1 |       ||     2
         Sacrifice Stealth |       |       |     1 |       |       ||     1
         Power Leap        |       |       |       |     6 |     6 ||    12
         Sacrifice Arcana  |       |       |       |       |     1 ||     1
         Apocalypse        |       |       |       |       |     1 ||     1
    Use: Scroll            |     3 |     7 |     4 |    11 |     4 ||    29
         Potion            |       |     1 |     1 |     8 |     3 ||    13
   Stab: Invisible         |       |       |     6 |     3 |     3 ||    12
         Paralysed         |       |       |     1 |       |     2 ||     3
 Armour: Scale mail        |    52 |    71 |   109 |       |       ||   232
         Chain mail        |       |       |    35 |   329 |   376 ||   740
  Dodge: Dodged            |    47 |    54 |   118 |   202 |   198 ||   619
  Block: Buckler           |    23 |    46 |    98 |   181 |   108 ||   456
         Kite shield       |       |       |       |       |   303 ||   303

Table legend: (Time is in decaauts)
 A = Elapsed time spent in this place.
 B = Non-inter-level travel time spent in this place.
 C = Inter-level travel time spent in this place.
 D = Time resting spent in this place.
 E = Time spent auto-exploring this place.
 F = Levels seen in this place.
 G = Mean time per level.
                   A        B        C        D        E       F      G
               +--------+--------+--------+--------+--------+-----+--------+
         Total |  20965 |  19867 |   1098 |   1753 |  13369 |  24 |  873.5 |
       Dungeon |  14701 |  13846 |    855 |   1422 |   9774 |  13 | 1130.8 |
          Lair |   4069 |   3845 |    224 |      0 |   2797 |   5 |  813.8 |
  Orcish Mines |    495 |    477 |     18 |      0 |    399 |   2 |  247.5 |
       Ossuary |    281 |    281 |      0 |      0 |    161 |   1 |  281.0 |
        Bailey |    650 |    650 |      0 |    229 |    224 |   1 |  650.0 |
      Ice Cave |    602 |    602 |      0 |    101 |     14 |   1 |  602.0 |
       Volcano |    166 |    166 |      0 |      0 |      0 |   1 |  166.0 |
               +--------+--------+--------+--------+--------+-----+--------+

Top non-repeatable levels by time:
     D:5: 1693 daAuts
    D:11: 1669 daAuts
     D:9: 1613 daAuts
     D:6: 1402 daAuts
    D:10: 1279 daAuts
     D:2: 1127 daAuts
     D:4: 1034 daAuts
  Lair:5: 1024 daAuts
    D:12: 1005 daAuts
  Lair:2: 958 daAuts
     D:1: 943 daAuts
     D:3: 902 daAuts
     D:7: 876 daAuts
  Lair:3: 848 daAuts
     D:8: 793 daAuts
